 Dungeon Crawl Stone Soup version 0.29.1-12-g30fa7ad0bf (webtiles) character file.

Game seed: 1519689186963892996

3042 Oxelix the Carver (level 9, -1/85 HPs)
             Began as a Minotaur Berserker on Jan 4, 2023.
             Was an Elder of Trog.
             Slain by a five-headed hydra (4 damage)
             ... on level 7 of the Dungeon.
             The game lasted 00:09:13 (6189 turns).

Oxelix the Carver (Minotaur Berserker)              Turns: 6189, Time: 00:09:14

Health: -1/85      AC: 13    Str: 26    XL:     9   Next: 56%
Magic:  8/8        EV:  7    Int:  4    God:    Trog [****..]
Gold:   320        SH:  0    Dex: 10    Spells: 8/8 levels left

rFire   x . .      SeeInvis .   y - +1 falchion (holy)
rCold   + . .      Faith    +   (no shield)
rNeg    . . .      Spirit   .   l - +0 plate armour
rPois   .          Reflect  .   (helmet restricted)
rElec   .          Harm     .   (no cloak)
rCorr   +          Rampage  .   e - +0 pair of gloves
Will    .....                   b - +0 pair of boots
Stlth   ..........              x - amulet of faith
HPRegen 0.24/turn               c - ring of ice
MPRegen 0.11/turn               E - ring of resist corrosion

@: on berserk cooldown, flying, slowed, very slow
A: horns 2, retaliatory headbutt
a: Renounce Religion, Berserk, Trog's Hand, Brothers in Arms


You were on level 7 of the Dungeon.
You worshipped Trog.
Trog was greatly pleased with you.
You visited 2 branches of the dungeon, and saw 8 of its levels.

You collected 320 gold pieces.

Inventory:

Hand Weapons
 y - a +1 falchion of holy wrath (weapon)
Missiles
 a - 4 boomerangs (quivered)
Armour
 b - a +0 pair of boots (worn)
 e - a +0 pair of gloves (worn)
 l - a +0 plate armour (worn)
Jewellery
 c - a ring of ice (left hand)
 v - an amulet of regeneration
 x - an amulet of faith (around neck)
 E - a ring of resist corrosion (right hand)
Wands
 o - a wand of iceblast (10)
 q - a wand of flame (27)
 w - a wand of polymorph (5)
Scrolls
 f - 2 scrolls of enchant weapon {unknown}
 g - 3 scrolls of poison {unknown}
 h - 2 scrolls of silence {unknown}
 i - a scroll of fear {unknown}
 j - 4 scrolls of butterflies {unknown}
 k - 3 scrolls of teleportation {unknown}
 n - 3 scrolls of vulnerability {unknown}
 r - a scroll of magic mapping {unknown}
 B - a scroll of acquirement {unknown}
 C - a scroll of brand weapon {unknown}
 D - a scroll of immolation {unknown}
 F - 2 scrolls of identify {unknown}
 H - a scroll of noise {unknown}
Potions
 d - 2 potions of resistance {unknown}
 m - 2 potions of brilliance {unknown}
 p - a potion of haste {unknown}
 s - 3 potions of attraction {unknown}
 t - a potion of mutation {unknown}
 u - a potion of might {unknown}
 z - 2 potions of curing
 G - a potion of degeneration {unknown}


   Skills:
 + Level 10.0 Fighting
 * Level 13.4 Long Blades
 - Level 2.4 Armour
 - Level 2.1 Dodging


You had 8 spell levels left.
You didn't know any spells.
Your spell library was empty.

Dungeon Overview and Level Annotations

Branches:
Dungeon (7/15)             Temple (1/1) D:6

Altars:
Ashenzari
Dithmenos
Elyvilon
Fedhas
Gozag
Hepliaklqana
Kikubaaqudgha
Makhleb
Okawaru
Ru
Sif Muna
Uskayaw
Wu Jian
Xom
Yredelemnul
Zin
The Shining One

Shops:
D:6 *


Innate Abilities, Weirdness & Mutations

You have a pair of horns on your head.
You reflexively headbutt those who attack you in melee.


Message History

You headbutt the water moccasin!
A sky beast comes into view.
The water moccasin bites you but does no damage.
The five-headed hydra bites you!
The five-headed hydra barely misses you.
The five-headed hydra bites you but does no damage. x2
The five-headed hydra bites you.
The sky beast moves out of view.
The five-headed hydra attacks as you move away!
The five-headed hydra bites you! The five-headed hydra bites you. x3
The five-headed hydra bites you but does no damage.
The five-headed hydra attacks as you move away!
The five-headed hydra bites you!
* * * LOW HITPOINT WARNING * * *
The five-headed hydra bites you but does no damage. x2
The five-headed hydra barely misses you.
The five-headed hydra bites you but does no damage. x2
The five-headed hydra closely misses you.
The five-headed hydra barely misses you.
The five-headed hydra bites you.
* * * LOW HITPOINT WARNING * * *
The five-headed hydra bites you.
* * * LOW HITPOINT WARNING * * *
It was a potion of flight.
You feel very buoyant.
You fly up into the air.
The five-headed hydra closely misses you. x2
The five-headed hydra bites you.
* * * LOW HITPOINT WARNING * * *
The five-headed hydra bites you.
* * * LOW HITPOINT WARNING * * *
The five-headed hydra barely misses you.
The five-headed hydra attacks as you move away!
The five-headed hydra bites you!
* * * LOW HITPOINT WARNING * * *
The five-headed hydra completely misses you.
The five-headed hydra bites you.
* * * LOW HITPOINT WARNING * * *
The five-headed hydra bites you but does no damage. x2
The five-headed hydra bites you.
You die...

####### ...#[#.
#.....# ..#...#
#..†..# ......
#.....# ....# #.<...#
)..#.#. #.....#
..#...#
####.....#####†~.....
..........@DSF†)...#
################..#(#
#... ... #


You could see a five-headed hydra, a water moccasin and a bullfrog.

Vanquished Creatures
  A two-headed ogre (D:7)
  Prince Ribbit (D:5)
  A yak (D:7)
  3 water moccasins
  3 sky beasts
  A black bear (D:5)
  2 ice beasts
  2 phantoms
  2 necrophages
  A bullfrog (D:6)
  A scorpion (D:6)
  2 howler monkeys
  3 hounds
  5 jellies
  4 orc priests
  Crazy Yiuf (D:3)
  Ijyb (D:3)
  Jessica (D:3)
  4 iguanas
  3 orc wizards
  Robin (D:2)
  An adder (D:2)
  A shadow imp (D:6)
  An ufetubus (D:6)
  A worm (D:4)
  6 dart slugs
  28 orcs
  6 endoplasms
  3 giant cockroaches
  11 goblins
  8 hobgoblins
  6 jackals (D:3)
  6 kobolds
  7 quokkas
  2 ball pythons
  4 bats
  A frilled lizard (D:1)
  5 rats
140 creatures vanquished.

Notes
Turn   | Place    | Note
-------+----------+-------------------------------------------
     0 | D:1      | Oxelix the Minotaur Berserker began the quest for the Orb.
     0 | D:1      | Reached XP level 1. HP: 19/19 MP: 0/0
   199 | D:1      | Reached skill level 4 in Long Blades
   208 | D:1      | Reached XP level 2. HP: 25/27 MP: 1/1
   351 | D:1      | Found a faded altar of an unknown god.
   768 | D:2      | Reached XP level 3. HP: 28/33 MP: 2/2
  1428 | D:2      | Found a shimmering altar of Xom.
  1437 | D:2      | Noticed Robin
  1441 | D:2      | Reached skill level 5 in Long Blades
  1456 | D:2      | Killed Robin
  1461 | D:2      | Reached ** piety under Trog
  1571 | D:3      | Reached XP level 4. HP: 41/41 MP: 3/3
  1594 | D:3      | Noticed Ijyb
  1618 | D:3      | Killed Ijyb
  1964 | D:3      | Noticed Jessica
  1970 | D:3      | Killed Jessica
  1971 | D:3      | Reached skill level 6 in Long Blades
  1978 | D:3      | Reached XP level 5. HP: 47/47 MP: 4/4
  2186 | D:3      | Found a runed translucent door.
  2187 | D:3      | Noticed Crazy Yiuf
  2376 | D:3      | Killed Crazy Yiuf
  2377 | D:3      | Reached skill level 5 in Fighting
  2587 | D:4      | Found a glowing golden altar of the Shining One.
  2675 | D:4      | Found a blossoming altar of Fedhas.
  2675 | D:4      | Found a broken altar of Ashenzari.
  2884 | D:4      | Reached skill level 7 in Long Blades
  2884 | D:4      | Reached XP level 6. HP: 56/56 MP: 5/5
  2949 | D:4      | Reached *** piety under Trog
  3356 | D:5      | Entered Level 5 of the Dungeon
  3402 | D:5      | Noticed Prince Ribbit
  3441 | D:5      | Killed Prince Ribbit
  3442 | D:5      | Reached skill level 8 in Long Blades
  3442 | D:5      | Reached XP level 7. HP: 36/64 MP: 6/6
  3783 | D:5      | Reached skill level 9 in Long Blades
  3836 | D:5      | HP: 3/66 [poisoned by a water moccasin]
  4482 | D:5      | Reached XP level 8. HP: 67/73 MP: 7/7
  4524 | D:5      | Reached skill level 10 in Long Blades
  4843 | D:6      | Found a staircase to the Ecumenical Temple.
  4862 | Temple   | Entered the Ecumenical Temple
  5322 | D:6      | Found Zatafeug's Assorted Antiques.
  5367 | D:6      | Reached skill level 11 in Long Blades
  5371 | D:6      | Reached **** piety under Trog
  6120 | D:7      | Reached skill level 12 in Long Blades
  6120 | D:7      | Reached XP level 9. HP: 76/81 MP: 8/8
  6157 | D:7      | Noticed a two-headed ogre
  6172 | D:7      | Noticed a five-headed hydra
  6176 | D:7      | Killed a two-headed ogre
  6177 | D:7      | Reached skill level 13 in Long Blades
  6181 | D:7      | Reached skill level 10 in Fighting
  6189 | D:7      | HP: 3/85 [five-headed hydra (12)]
  6189 | D:7      | Slain by a five-headed hydra

Illustrated notes

Levels and vault maps discovered:
D:1:      wheals_arrival_shading, layout_basic, chequers_ecumenical_altar_twisty
D:2:      layout_loops_ring, basic_altar, uniq_robin
D:3:      layout_rooms, uniq_jessica, uniq_ijyb, uniq_crazy_yiuf_cottage
D:4:      layout_basic, gammafunk_temple_overflow_wave,
          mainiacjoe_overflow_brackets
D:5:      layout_basic, uniq_prince_ribbit1
D:6:      layout_loops_ring, minmay_temple_entry_tees, nicolae_stop_n_shop_2
D:7:      cheibrodos_fzero, layout_basic
Temple:   nicolae_temple_bog_church

Skill      XL: |  1  2  3  4  5  6  7  8  9 |
---------------+----------------------------+-----
Long Blades    | 4 5 6 7 8 9 12 13 | 13.4
Fighting       | 4 5 6 7 8 10 | 10.0
Armour         | |  2.4
Dodging        | |  2.1

Action                   |  1- 3 |  4- 6 |  7- 9 || total
-------------------------+-------+-------+-------++-------
Melee: Falchion          |    82 |   180 |   222 ||   484
       Headbutt          |     8 |    32 |    45 ||    85
       Unarmed           |       |     4 |       ||     4
       Punch             |       |     2 |     4 ||     6
Invok: Berserk           |     1 |     5 |     2 ||     8
  Use: Potion            |       |     1 |     2 ||     3
Armor: Leather armour    |    10 |       |       ||    10
       Plate armour      |    33 |   126 |   119 ||   278
Dodge: Dodged            |    65 |    54 |    61 ||   180
